 Dungeon Crawl Stone Soup version 0.30.1-3-gfc49f6343a (webtiles) character file.

Game seed: 18354166788924826206

98 ANON1729 the Trooper (level 4, 0/40 HPs)
             Began as a Minotaur Monk on Aug 9, 2023.
             Slain by a gnoll
             ... wielding a +0 spear
              (3 damage)
             ... on level 3 of the Dungeon.
             The game lasted 00:01:04 (2189 turns).

ANON1729 the Trooper (Minotaur Monk)                Turns: 2189, Time: 00:01:05

Health: 0/40       AC:  8    Str: 16    XL:     4   Next: 44%
Magic:  4/4        EV:  8    Int:  7    God:
Gold:   180        SH:  0    Dex: 14    Spells: 3/3 levels left

rFire   . . .        v - +0 rapier
rCold   . . .        d - orb {light}
rNeg    . . .        k - +0 chain mail
rPois   .            (helmet restricted)
rElec   .            (no cloak)
rCorr   .            (no gloves)
SInv    .            (no boots)
Will    .....        (no amulet) Stlth
                     h - ring of flight
HPRegen 0.26/turn    (no ring)
MPRegen 0.09/turn

%: no passive effects
@: confused, ambrosia-drunk, flying, glowing
A: horns 2, retaliatory headbutt
a: no special abilities


You were on level 3 of the Dungeon.
You visited 1 branch of the dungeon, and saw 3 of its levels.

You collected 180 gold pieces.

Inventory:

Hand Weapons
 a - a +0 short sword
 v - a +0 rapier (weapon)
Armour
 b - a +0 robe
 d - an orb of light (worn)
 k - a +0 chain mail (worn)
Jewellery
 h - a ring of flight (left hand)
 t - a ring of magical power
Scrolls
 e - 2 scrolls of enchant armour {unknown}
 g - 5 scrolls of identify {unknown}
 i - a scroll of noise {unknown}
 n - a scroll of vulnerability {unknown}
 o - a scroll of magic mapping {unknown}
 p - a scroll of immolation {unknown}
 q - a scroll of amnesia {unknown}
 s - a scroll of silence {unknown}
Potions
 f - 3 potions of might {unknown}
 j - a potion of attraction {unknown}
 l - a potion of heal wounds {unknown}
 m - a potion of curing {unknown}
 r - a potion of degeneration {unknown}
 u - a potion of mutation {unknown}


   Skills:
 + Level 4.2 Fighting
 + Level 3.9 Short Blades
 + Level 2.1 Armour
 + Level 3.9 Dodging
 + Level 1.6 Invocations


You had 3 spell levels left.
You didn't know any spells.
Your spell library contained the following spells:

 Spells                   Type           Power      Damage    Failure   Level
 Portal Projectile        Hex/Tloc       0%         N/A       100%        3
 Tukima's Dance           Hex            0%         N/A       100%        3
 Blade Hands              Tmut           0%         N/A       100%        5


Dungeon Overview and Level Annotations

Branches:
Dungeon (3/15)

Altars:
Cheibriados
Dithmenos
Ru
Zin


Innate Abilities, Weirdness & Mutations

You have a pair of horns on your head.
You reflexively headbutt those who attack you in melee.


Message History

You hit the gnoll but do no damage. You headbutt the gnoll.
The gnoll is severely wounded.
The gnoll barely misses you. The gnoll hits you but does no damage.
You hit the gnoll but do no damage.
You headbutt the gnoll, but do no damage.
The gnoll is severely wounded.
The gnoll hits you from afar with a +0 halberd.
The gnoll hits you with a +0 spear.
You hit the gnoll but do no damage.
The gnoll is severely wounded.
The gnoll barely misses you. The gnoll hits you with a +0 spear!
You are too injured to fight recklessly!
You are too injured to fight recklessly!
You are too injured to fight recklessly!
You are too injured to fight recklessly!
You are too injured to fight recklessly!
You are too injured to fight recklessly!
You are too injured to fight recklessly!
You are too injured to fight recklessly!
You are too injured to fight recklessly!
You are too injured to fight recklessly!
You are too injured to fight recklessly!
You are too injured to fight recklessly!
You are too injured to fight recklessly!
You are too injured to fight recklessly!
You are too injured to fight recklessly!
You are too injured to fight recklessly!
You are too injured to fight recklessly!
You barely miss the gnoll. Your headbutt misses the gnoll.
The gnoll is severely wounded.
The gnoll hits you from afar with a +0 halberd!
* * * LOW HITPOINT WARNING * * *
The gnoll hits you with a +0 spear.
* * * LOW HITPOINT WARNING * * *
You are confused.
You feel invigorated.
The gnoll hits you from afar with a +0 halberd.
* * * LOW HITPOINT WARNING * * *
The gnoll hits you with a +0 spear.
You die...

#..####g.............#
##................##..
#####............#...
#..#........#....
#########.........##....
#............#.#####....
#...)...................
#......g.g......####....
#......@........## ##...
#.....[<...##.#..###..._
#############...........
##.....#..... ######
#...#.[.....8
#....####.#..........
#....#.......#...._..
#.......###..###.....
#....#### ##.####....


You could see 2 gnolls.

Vanquished Creatures
  2 gnolls (D:3)
  3 adders
  3 worms
  3 dart slugs
  An orc (D:3)
  3 endoplasms
  A giant cockroach (D:1)
  8 goblins
  2 hobgoblins
  A quokka (D:3)
  4 ball pythons
  2 bats
  2 frilled lizards (D:2)
  2 kobolds
  A rat (D:1)
38 creatures vanquished.

Notes
Turn   | Place    | Note
-------+----------+-------------------------------------------
     0 | D:1      | ANON1729 the Minotaur Monk began the quest for the Orb.
     0 | D:1      | Reached XP level 1. HP: 19/19 MP: 0/0
   292 | D:1      | Reached XP level 2. HP: 25/27 MP: 1/1
   769 | D:2      | Found a faded altar of an unknown god.
   783 | D:2      | Reached skill level 1 in Armour
   800 | D:2      | Reached skill level 1 in Invocations
   853 | D:2      | You are sucked into a shaft and drop 1 floor!
   872 | D:3      | Reached XP level 3. HP: 29/33 MP: 2/2
   877 | D:3      | Reached skill level 4 in Fighting
   962 | D:3      | Found a sacrificial altar of Ru.
   964 | D:3      | Found a glowing silver altar of Zin.
   971 | D:3      | Found a shadowy altar of Dithmenos.
  1300 | D:2      | Reached XP level 4. HP: 38/40 MP: 4/4
  1506 | D:2      | Found a snail-covered altar of Cheibriados.
  2188 | D:3      | HP: 2/40 [gnoll/+0 spear (6)]
  2189 | D:3      | Slain by a gnoll

Illustrated notes

Levels and vault maps discovered:
D:1:      nzn_arrival_depleted_hourglass, layout_basic, corexii_corridor_pit
D:2:      layout_loops_corners, basic_altar, ebering_ecumenical_altar_petrified,
          minmay_goblin_kobold_house
D:3:      layout_rooms, grunt_temple_overflow_open

Skill      XL: |  1  2  3  4 |
---------------+-------------+-----
Armour         | 1 2 |  2.1
Invocations    | 1 |  1.6
Fighting       | 4 |  4.2
Short Blades   | |  3.9
Dodging        | |  3.9

Action                     |  1- 3 |  4- 6 || total
---------------------------+-------+-------++-------
  Melee: Short sword       |    83 |    22 ||   105
         Headbutt          |    17 |    11 ||    28
         Rapier            |       |    12 ||    12
    Use: Potion            |       |     1 ||     1
 Armour: Robe              |     1 |       ||     1
         Chain mail        |    21 |    22 ||    43
  Dodge: Dodged            |    33 |    18 ||    51
